 Dungeon Crawl Stone Soup version 0.26-a0-1038-gfb849e850a (webtiles) character file.

Game seed: 16910116547966061333

95 Baldric the Slasher (level 4, -5/37 HPs)
             Began as a Human Berserker on Dec 11, 2020.
             Was a Believer of Trog.
             Slain by a centaur (7 damage)
             ... on level 6 of the Dungeon.
             The game lasted 00:11:20 (2838 turns).

Baldric the Slasher (Human Berserker)               Turns: 2838, Time: 00:11:20

Health: -5/37      AC:  6    Str: 17    XL:     4   Next: 95%
Magic:  4/4        EV: 11    Int:  8    God:    Trog [**....]
Gold:   106        SH:  0    Dex: 13    Spells: 3/3 levels left

rFire    . . .     SeeInvis .   v - +4 flail
rCold    . . .     Faith    .   (no shield)
rNeg     + . .     Spirit   .   h - +0 ring mail
rPois    .         Reflect  .   m - +0 helmet
rElec    .         Harm     .   (no cloak)
rCorr    .         Rampage  .   (no gloves)
Will     .....                  (no boots)
Stlth    +.........             (no amulet)
HPRegen  0.12/turn              o - ring of positive energy
MPRegen  0.09/turn              (no ring)

@: lethally poisoned (-5 -> -6)
A: no striking features
a: Berserk, Trog's Hand, Renounce Religion


You were on level 6 of the Dungeon.
You worshipped Trog.
Trog was pleased with you.
You visited 1 branch of the dungeon, and saw 4 of its levels.

You collected 106 gold pieces.

Inventory:

Hand Weapons
 a - a +0 falchion
 i - a +0 hunting sling
 v - a +4 flail (weapon)
Missiles
 f - 7 datura-tipped darts
 w - 2 boomerangs
 A - a curare-tipped dart
Armour
 b - a +0 animal skin
 h - a +0 ring mail (worn)
 m - a +0 helmet (worn)
Jewellery
 o - a ring of positive energy (left hand)
Wands
 n - a wand of polymorph (12)
Scrolls
 c - 3 scrolls of teleportation {unknown}
 e - 2 scrolls of noise {unknown}
 g - a scroll of immolation {unknown}
 k - a scroll of enchant weapon {unknown}
 p - a scroll of identify {unknown}
 r - 4 scrolls of remove curse {unknown}
 y - a scroll of amnesia {unknown}
 z - a scroll of enchant armour {unknown}
Potions
 j - 2 potions of attraction {unknown}
 l - a potion of flight {unknown}
 q - 2 potions of invisibility
 s - a potion of degeneration {unknown}
 t - a potion of mutation {unknown}
 u - a potion of ambrosia {unknown}
 x - a potion of curing {unknown}


   Skills:
 + Level 3.7 Fighting
 + Level 4.0 Long Blades
 + Level 0.3 Maces & Flails
 + Level 2.6 Armour
 + Level 2.4 Dodging
 + Level 0.2 Stealth


You had 3 spell levels left.
You didn't know any spells.
Your spell library was empty.

Dungeon Overview and Level Annotations

Branches:
Dungeon (3/15)

Altars:
Fedhas
Kikubaaqudgha


Message History

The arrow hits you.
Found 9 stones.
You see here an arrow.
The centaur shoots an arrow.
The arrow hits you!
You see here an arrow.
The centaur unwields a +0 shortbow.
The centaur closely misses you.
You feel sick. The centaur hits you.
* * * LOW HITPOINT WARNING * * *
The centaur closely misses you.
You hit the centaur.
The centaur is moderately wounded.
The centaur hits you.
* * * LOW HITPOINT WARNING * * *
The centaur misses you.
You sock the centaur!
The centaur is severely wounded.
The centaur hits you.
* * * LOW HITPOINT WARNING * * *
The centaur hits you!
You die...

..... ....
..... ...#.#
.....##....##
......#..#..#
(.....#.....##
.............#
...........#.#
.....#c@...!.#
.............#
....##.(...#.#
... #.(...# #
#....## #....#
#....# ######


You could see a centaur.

Vanquished Creatures
  5 adders
  2 worms (D:2)
  3 dart slugs
  An orc (D:3)
  2 bats (D:2)
  4 giant cockroaches
  4 goblins
  3 hobgoblins
  A ball python (D:3)
  2 frilled lizards
  10 kobolds
  7 rats
44 creatures vanquished.

Vanquished Creatures (others)
  8 plants
  8 withered plants (D:3)
16 creatures vanquished.

Grand Total: 60 creatures vanquished

Notes
Turn   | Place    | Note
-------+----------+-------------------------------------------
     0 | D:1      | Baldric the Human Berserker began the quest for the Orb.
     0 | D:1      | Reached XP level 1. HP: 18/18 MP: 1/1
   687 | D:1      | Reached XP level 2. HP: 16/24 MP: 2/2
  1159 | D:2      | Reached XP level 3. HP: 23/29 MP: 3/3
  1661 | D:2      | Reached XP level 4. HP: 18/35 MP: 4/4
  2196 | D:2      | Found a blossoming altar of Fedhas.
  2413 | D:3      | Found an ancient bone altar of Kikubaaqudgha.
  2414 | D:3      | Found a blossoming altar of Fedhas.
  2797 | D:3      | Reached skill level 4 in Long Blades
  2812 | D:3      | Reached ** piety under Trog
  2832 | D:3      | You fall into a shaft and drop 3 floors!
  2832 | D:6      | Noticed a centaur
  2838 | D:6      | Slain by a centaur

Illustrated notes

Levels and vault maps discovered:
D:1:      psy_arrival_dodecagon, layout_basic
D:2:      layout_loops_corners, serial_aquarium, aquarium_bridge_long_joined
          [aquarium_subvault_bridge, aquarium_subvault_window,
          aquarium_subvault_bridge, aquarium_subvault_bridge,
          aquarium_subvault_bridge, aquarium_subvault_window],
          aquarium_bridge_straight [aquarium_subvault_bridge,
          aquarium_subvault_wall, aquarium_subvault_bridge,
          aquarium_subvault_balcony], aquarium_window_fake, aquarium_window_1,
          aquarium_window_fake, aquarium_view_2c, fedhas_altar_1
D:3:      layout_rooms, grunt_temple_overflow_growth_and_decay
D:6:      layout_rooms, nicolae_overflow_quartered_altars, slow_altar_1

Skill      XL: |  1  2  3  4 |
---------------+-------------+-----
Long Blades    | 4 |  4.0
Fighting       | |  3.7
Maces & Flails | |  0.3
Armour         | |  2.6
Dodging        | |  2.4
Stealth        | |  0.2

Action                   |  1- 3 |  4- 6 || total
-------------------------+-------+-------++-------
Melee: Falchion          |    84 |    45 ||   129
       Flail             |       |    53 ||    53
  Use: Potion            |     5 |     1 ||     6
Armor: Animal skin       |     3 |       ||     3
       Ring mail         |    32 |    17 ||    49
Dodge: Dodged            |    55 |    35 ||    90
       Rpst.: Falchion   |    15 |     7 ||    22

Table legend: (Time is in decaauts)
 A = Elapsed time spent in this place.
 B = Non-inter-level travel time spent in this place.
 C = Inter-level travel time spent in this place.
 D = Time resting spent in this place.
 E = Time spent auto-exploring this place.
 F = Levels seen in this place.
 G = Mean time per level.
                   A        B        C        D        E       F      G
               +--------+--------+--------+--------+--------+-----+--------+
         Total |   2873 |   2869 |      4 |      0 |      0 |   4 |  718.2 |
       Dungeon |   2873 |   2869 |      4 |      0 |      0 |   4 |  718.2 |
               +--------+--------+--------+--------+--------+-----+--------+

Top non-repeatable levels by time:
     D:2: 1334 daAuts
     D:1: 1066 daAuts
     D:3: 465 daAuts
     D:6: 6 daAuts
